 Dungeon Crawl Stone Soup version 0.26-a0-540-g8a0c9464d7 (webtiles) character file.

Game seed: 10745868869710719482

2769 vurker the Reanimator (level 9, -5/66 HPs)
             Began as a Gnoll Necromancer on Aug 24, 2020.
             Was an Initiate of Cheibriados.
             Slain by an orc warrior
             ... wielding a +0 halberd
              (16 damage)
             ... on level 8 of the Dungeon.
             The game lasted 00:12:40 (10039 turns).

vurker the Reanimator (Gnoll Necromancer)          Turns: 10039, Time: 00:12:41

Health: -5/66      AC:  8    Str: 11    XL:     9   Next: 69%
Magic:  19/19      EV: 16    Int: 22    God:    Cheibriados [......]
Gold:   339        SH:  5    Dex: 17    Spells: 20/21 levels left

rFire    . . .     SeeInvis .   m - +4 falchion (flame)
rCold    . . .     Faith    .   u - +0 buckler
rNeg     . . .     Spirit   .   a - +0 robe
rPois    +         Reflect  .   i - +2 helmet
rElec    .         Harm     .   s - scarf {repulsion}
rCorr    .                      (no gloves)
MR       .....                  j - +2 pair of boots
Stlth    +++.......             (no amulet)
HPRegen  0.21/turn              b - ring of poison resistance
MPRegen  0.16/turn              (no ring)

@: about to teleport, repel missiles, very slow
A: distributed training, fangs 1, strong nose
a: Bend Time, Renounce Religion


You were on level 8 of the Dungeon.
You worshipped Cheibriados.
Cheibriados was noncommittal.
You visited 2 branches of the dungeon, and saw 9 of its levels.
You also visited: Sewer.

You collected 446 gold pieces.
You spent 107 gold pieces at shops.

Inventory:

Hand Weapons
 m - a +4 falchion of flaming (weapon)
   (You took it off a wight on level 6 of the Dungeon)
 q - the +7 spear of Peace {flame, rF+ Str+3}
   (You found it on level 4 of the Dungeon)

   It has been specially enchanted to burn those struck by it, causing extra
   injury to most foes and up to half again as much damage against particularly
   susceptible opponents.
   It affects your strength (+3).
   It protects you from fire.
Armour
 a - a +0 robe (worn)
 i - a +2 helmet (worn)
   (You took it off Robin on level 2 of the Dungeon)
 j - a +2 pair of boots (worn)
   (You found it on level 3 of the Dungeon)
 s - a scarf of repulsion (worn)
   (You found it on level 4 of the Dungeon)
 u - a +0 buckler (worn)
   (You found it on level 5 of the Dungeon)
Jewellery
 b - a ring of poison resistance (left hand)
   (You found it on level 5 of the Dungeon)
Wands
 d - a wand of polymorph (14)
   (You found it on level 4 of the Dungeon)
 t - a wand of flame (14)
   (You found it in a sewer)
Scrolls
 e - 10 scrolls of amnesia
 f - 6 scrolls of remove curse
 g - 2 scrolls of enchant armour
 h - a scroll of fear
 x - a scroll of enchant weapon
Potions
 c - 3 potions of flight
 k - 2 potions of lignification {unknown}
 l - 2 potions of curing
 n - 2 potions of heal wounds
 o - 2 potions of cancellation
 p - a potion of degeneration {unknown}
 r - a potion of berserk rage {unknown}
 v - a potion of might {unknown}
 z - 2 potions of brilliance
 A - a potion of haste
 B - 2 potions of invisibility
 C - a potion of resistance {unknown}


   Skills:
 + Level 4.5 Fighting
 + Level 4.5 Short Blades
 + Level 4.5 Long Blades
 + Level 4.5 Axes
 + Level 4.5 Maces & Flails
 + Level 4.5 Polearms
 + Level 4.5 Staves
 + Level 4.5 Slings
 + Level 4.5 Bows
 + Level 4.5 Crossbows
 + Level 4.5 Throwing
 + Level 4.5 Armour
 + Level 6.5 Dodging
 + Level 6.2 Stealth
 + Level 4.5 Shields
 + Level 4.5 Unarmed Combat
 + Level 6.8 Spellcasting
 + Level 3.7 Conjurations
 + Level 3.7 Hexes
 + Level 3.7 Summonings
 + Level 8.1 Necromancy
 + Level 3.7 Translocations
 + Level 3.7 Transmutations
 + Level 3.7 Fire Magic
 + Level 3.7 Ice Magic
 + Level 3.7 Air Magic
 + Level 3.7 Earth Magic
 + Level 3.7 Poison Magic
 + Level 5.0 Invocations
 + Level 4.5 Evocations


You had 20 spell levels left.
You knew the following spells:

 Your Spells              Type           Power        Failure   Level
a - Pain                  Necr           ####         1%          1

Your spell library contained the following spells:

 Spells                   Type           Power        Failure   Level
 Animate Skeleton         Necr           #####.       1%          1
 Foxfire                  Conj/Fire      ###.         1%          1
 Vampiric Draining        Necr           #####.....   1%          3
 Animate Dead             Necr           #####.....   3%          4
 Confusing Touch          Hex            ###.....     5%          3
 Conjure Flame            Conj/Fire      ###.....     5%          3
 Gell's Gravitas          Tloc           ###.......   5%          3
 Inner Flame              Hex/Fire       ###.....     5%          3
 Agony                    Necr           #####...     9%          5
 Petrify                  Tmut/Erth      ###.....     19%         4
 Sticky Flame             Conj/Fire      ###.....     19%         4
 Fireball                 Conj/Fire      ###.......   45%         5
 Metabolic Englaciation   Hex/Ice        ###.......   45%         5
 Yara's Violent Unravell  Hex/Tmut       ###.......   45%         5


Dungeon Overview and Level Annotations

Branches:
Dungeon (8/15)             Temple (1/1) D:5           Sewer (visited)
   Lair: D:8-11

Altars:
Ashenzari
Cheibriados
Dithmenos
Elyvilon
Fedhas
Gozag
Hepliaklqana
Kikubaaqudgha
Makhleb
Nemelex Xobeh
Okawaru
Qazlal
Ru
Sif Muna
Trog
Uskayaw
Vehumet
Wu Jian
Xom
Yredelemnul
Zin
The Shining One

Shops:
D:6 *

Annotations:
D:8 Joseph


Innate Abilities, Weirdness & Mutations

Your experience applies equally to all skills.
You have very sharp teeth.
Your uncanny sense of smell can sniff out nearby items.


Message History

An orc wizard comes into view. It is wielding a +0 dagger.
The jackal misses you.
The orc priest hits you but does no damage.
You hear a shout!
The orc wizard shouts!
You hit the orc warrior. You burn the orc warrior.
The orc hits you but does no damage. The jackal completely misses you.
The orc wizard casts a spell.
The orc wizard flickers and vanishes!
Deactivating autopickup; reactivate with Ctrl-A.
The orc warrior closely misses you.
An orc comes into view.
The jackal completely misses you.
You closely miss the orc warrior.
The orc priest mumbles some strange prayers to Beogh against you.
Beogh smites you! The orc closely misses you.
You riposte.
You completely miss the orc. The orc warrior closely misses you.
The jackal completely misses you.
You riposte.
You hit the jackal. You burn the jackal.
You kill the jackal!
Cheibriados thoroughly appreciates the change of pace.
The orc priest barely misses you.
You riposte.
You barely miss the orc priest. You completely miss the orc warrior.
You block the orc's attack.
Joseph, a Mercenary comes into view.
He is wielding a +0 quarterstaff.
The orc warrior hits you with a +0 halberd!!
* * * LOW HITPOINT WARNING * * *
As you read the scroll of teleportation, it crumbles to dust.
You feel strangely unstable.
The orc priest hits you with a +2 flail of protection!
* * * LOW HITPOINT WARNING * * *
The orc barely misses you.
The orc wizard looks braver for a moment.
The orc warrior completely misses you.
You riposte.
Joseph shouts!
You hit the orc warrior but do no damage.
You hit the orc priest but do no damage.
The orc closely misses you.
The orc wizard points at you and mumbles some strange words.
The puff of frost hits something!
The orc priest hits you with a +2 flail of protection!
* * * LOW HITPOINT WARNING * * *
The orc warrior closely misses you.
You hit the orc priest but do no damage.
You bite the orc priest, but do no damage.
The orc wizard gestures wildly while chanting.
The orc wizard seems to speed up.
The orc hits you but does no damage. The orc priest barely misses you.
Joseph drinks a potion.
Joseph seems to speed up.
The orc warrior hits you with a +0 halberd!
You die...

####### #..... .....
#<...##.........
#######...>##...>.....
.....................
...........###.....#
...................#
......ooo(.........# #
......†@####.(.....#
..
......####.........#
.. #.... #...#.......#
.. .@oo
#...######[#### .....
... ..# #.# ..... ..
...#########.# ....[ .
#.......##..# .....
##[.#..## ....
#..##.##


You could see Joseph (fast), an orc warrior, an orc priest, an orc wizard (fast)
and 2 orcs.

Vanquished Creatures
  A hippogriff (D:6)
  Menkaure (D:7)
  Duvessa (D:5)
  A black bear (D:6)
  A sky beast (D:5)
  A phantom (D:4)
  3 ogres
  6 centaurs
  3 bullfrogs
  Dowan (D:5)
  3 scorpions
  3 wights (D:6)
  2 centaur zombies
  2 bullfrog zombies
  2 hounds (D:6)
  A jelly (D:6)
  2 orc priests
  5 orc wizards
  An iguana (D:8)
  A worker ant (D:8)
  A hound skeleton (D:5)
  Robin (D:2)
  7 gnolls
  14 adders
  2 ufetubi
  2 oozes (D:3)
  3 worms
  3 dart slugs (D:1)
  7 leopard geckos
  29 orcs
  4 ball pythons
  3 bats
  13 giant cockroaches
  6 hobgoblins
  8 jackals
  3 quokkas
  6 frilled lizards
  18 goblins
  A jackal zombie (D:7)
  5 kobolds
  A leopard gecko skeleton (D:6)
  A quokka skeleton (D:5)
  5 rats
184 creatures vanquished.

Vanquished Creatures (others)
  An orc priest (D:8)
1 creature vanquished.

Grand Total: 185 creatures vanquished

Notes
Turn   | Place    | Note
-------+----------+-------------------------------------------
     0 | D:1      | vurker the Gnoll Necromancer began the quest for the Orb.
     0 | D:1      | Reached XP level 1. HP: 13/13 MP: 6/6
   237 | D:1      | Reached XP level 2. HP: 19/19 MP: 5/7
   810 | D:1      | Reached XP level 3. HP: 23/25 MP: 6/9
   907 | D:1      | Reached skill level 5 in Spellcasting
  1114 | D:2      | Reached skill level 1 in Invocations
  1170 | D:2      | Reached skill level 1 in Fighting
  1170 | D:2      | Reached skill level 1 in Short Blades
  1170 | D:2      | Reached skill level 1 in Long Blades
  1170 | D:2      | Reached skill level 1 in Axes
  1170 | D:2      | Reached skill level 1 in Maces & Flails
  1170 | D:2      | Reached skill level 1 in Polearms
  1170 | D:2      | Reached skill level 1 in Staves
  1170 | D:2      | Reached skill level 1 in Slings
  1170 | D:2      | Reached skill level 1 in Bows
  1170 | D:2      | Reached skill level 1 in Crossbows
  1170 | D:2      | Reached skill level 1 in Throwing
  1170 | D:2      | Reached skill level 1 in Armour
  1170 | D:2      | Reached skill level 1 in Shields
  1170 | D:2      | Reached skill level 1 in Unarmed Combat
  1170 | D:2      | Reached skill level 1 in Evocations
  1535 | D:2      | Reached XP level 4. HP: 31/32 MP: 8/11
  1537 | D:2      | Noticed Robin
  1563 | D:2      | Killed Robin
  2269 | D:3      | Reached skill level 1 in Conjurations
  2269 | D:3      | Reached skill level 1 in Hexes
  2269 | D:3      | Reached skill level 1 in Summonings
  2269 | D:3      | Reached skill level 1 in Translocations
  2269 | D:3      | Reached skill level 1 in Transmutations
  2269 | D:3      | Reached skill level 1 in Fire Magic
  2269 | D:3      | Reached skill level 1 in Ice Magic
  2269 | D:3      | Reached skill level 1 in Air Magic
  2269 | D:3      | Reached skill level 1 in Earth Magic
  2269 | D:3      | Reached skill level 1 in Poison Magic
  2557 | D:3      | Reached XP level 5. HP: 37/37 MP: 10/12
  3240 | D:4      | Noticed an ogre
  3249 | D:4      | Killed an ogre
  3249 | D:4      | Reached XP level 6. HP: 38/44 MP: 5/13
  3433 | D:4      | Found a glowing drain.
  3452 | D:4      | Reached skill level 5 in Dodging
  3466 | Sewer    | Entered a sewer
  3968 | Sewer    | Reached XP level 7. HP: 21/50 MP: 8/15
  4173 | Sewer    | Got an ancient cloak
  4179 | Sewer    | Identified the +2 cloak "Hikaat" {Harm +Fly rF- Stlth+}
                  | (You found it in a sewer)
  4454 | D:4      | Got a pitted spear
  4712 | D:5      | Entered Level 5 of the Dungeon
  4859 | D:5      | Noticed Duvessa
  5379 | D:5      | Reached skill level 5 in Stealth
  5573 | D:5      | Found a staircase to the Ecumenical Temple.
  5593 | Temple   | Entered the Ecumenical Temple
  6045 | D:5      | Identified the +7 spear of Peace {flame, rF+ Str+3} (You
                  | found it on level 4 of the Dungeon)
  6149 | D:5      | Noticed Dowan
  6162 | D:5      | Killed Duvessa
  6162 | D:5      | Reached XP level 8. HP: 52/58 MP: 16/16
  6180 | D:5      | Killed Dowan
  6259 | D:5      | Found a blossoming altar of Fedhas.
  6952 | D:6      | Found a shattered altar of Ashenzari.
  7100 | D:6      | Found Muwusi's Assorted Antiques.
  7108 | D:6      | Bought 2 viscous ruby potions for 41 gold pieces
  7108 | D:6      | Bought a scroll of identify for 46 gold pieces
  7108 | D:6      | Bought a fuming green potion for 20 gold pieces
  7575 | D:6      | Reached XP level 9. HP: 39/65 MP: 18/18
  8400 | D:7      | Reached skill level 8 in Necromancy
  8483 | D:7      | Noticed Menkaure
  8492 | D:7      | Killed Menkaure
  8665 | D:7      | Found an ancient bone altar of Kikubaaqudgha.
  8665 | D:7      | Found a snail-covered altar of Cheibriados.
  8757 | D:7      | Became a worshipper of Cheibriados the Contemplative
  9651 | D:8      | Found a basalt altar of Yredelemnul.
  9671 | D:8      | HP: 3/66 [orc warrior/+0 halberd (11)]
 10033 | D:8      | Reached skill level 5 in Invocations
 10036 | D:8      | Noticed Joseph
 10039 | D:8      | Slain by an orc warrior

Illustrated notes

Levels and vault maps discovered:
D:1:      psy_arrival_statuary, layout_basic, minmay_close_crescents
D:2:      layout_loops_cross, uniq_robin
D:3:      layout_basic, minmay_fountain_box, feat_on_display, uniq_sigmund,
          uniq_ijyb
D:4:      layout_cave_pools, gup_sewer_entry_glass
D:5:      layout_basic, kennysheep_mini_moat, minmay_temple_entry_water_ring,
          uniq_duvessa
D:6:      layout_loops_cross, nicolae_overflow_crystal_walls, serial_shops,
          nicolae_shop_overgrown_old_shop
D:7:      layout_loops_ring, gammafunk_temple_overflow_pools, uniq_menkaure
D:8:      layout_rooms, serial_shops, nicolae_shop_crystal,
          yredelemnul_altar_generic, uniq_joseph
Temple:   hc_temple_tempest_star

Skill      XL: |  1  2  3  4  5  6  7  8  9 |
---------------+----------------------------+-----
Spellcasting   | 5 6 |  6.8
Invocations    | 1 2 3 4 5 |  5.0
Fighting       | 1 2 3 4 |  4.5
Short Blades   | 1 2 3 4 |  4.5
Long Blades    | 1 2 3 4 |  4.5
Axes           | 1 2 3 4 |  4.5
Maces & Flails | 1 2 3 4 |  4.5
Polearms       | 1 2 3 4 |  4.5
Staves         | 1 2 3 4 |  4.5
Slings         | 1 2 3 4 |  4.5
Bows           | 1 2 3 4 |  4.5
Crossbows      | 1 2 3 4 |  4.5
Throwing       | 1 2 3 4 |  4.5
Armour         | 1 2 3 4 |  4.5
Shields        | 1 2 3 4 |  4.5
Unarmed Combat | 1 2 3 4 |  4.5
Evocations     | 1 2 3 4 |  4.5
Conjurations   | 1 2 3 |  3.7
Hexes          | 1 2 3 |  3.7
Summonings     | 1 2 3 |  3.7
Translocations | 1 2 3 |  3.7
Transmutations | 1 2 3 |  3.7
Fire Magic     | 1 2 3 |  3.7
Ice Magic      | 1 2 3 |  3.7
Air Magic      | 1 2 3 |  3.7
Earth Magic    | 1 2 3 |  3.7
Poison Magic   | 1 2 3 |  3.7
Dodging        | 5 6 |  6.5
Stealth        | 5 6 |  6.2
Necromancy     | 8 |  8.1

Action                   |  1- 3 |  4- 6 |  7- 9 || total
-------------------------+-------+-------+-------++-------
Melee: Dagger            |     4 |    11 |    92 ||   107
       Bite              |     1 |       |    31 ||    32
       Spear             |       |       |   137 ||   137
       Falchion          |       |       |   134 ||   134
 Cast: Pain              |    55 |   131 |    24 ||   210
Evoke: Wand              |       |       |    10 ||    10
  Use: Scroll            |       |     9 |    14 ||    23
       Potion            |       |       |     2 ||     2
 Stab: Sleeping          |       |       |    19 ||    19
Armor: Robe              |     3 |     8 |    61 ||    72
Dodge: Dodged            |     8 |    56 |   263 ||   327
       Repelled          |       |       |     2 ||     2
Block: Buckler           |       |       |    72 ||    72
       Rpst.: Falchion   |       |       |    46 ||    46

Table legend: (Time is in decaauts)
 A = Elapsed time spent in this place.
 B = Non-inter-level travel time spent in this place.
 C = Inter-level travel time spent in this place.
 D = Time resting spent in this place.
 E = Time spent auto-exploring this place.
 F = Levels seen in this place.
 G = Mean time per level.
                   A        B        C        D        E       F      G
               +--------+--------+--------+--------+--------+-----+--------+
         Total |  10286 |  10042 |    244 |    981 |   7577 |  10 | 1028.6 |
       Dungeon |   8884 |   8653 |    231 |    981 |   6320 |   8 | 1110.5 |
        Temple |    389 |    376 |     13 |      0 |    375 |   1 |  389.0 |
         Sewer |   1012 |   1012 |      0 |      0 |    882 |   1 | 1012.0 |
               +--------+--------+--------+--------+--------+-----+--------+

Top non-repeatable levels by time:
     D:7: 1481 daAuts
     D:6: 1424 daAuts
     D:5: 1282 daAuts
     D:2: 1208 daAuts
     D:4: 1080 daAuts
     D:1: 1039 daAuts
   Sewer: 1012 daAuts
     D:3: 782 daAuts
     D:8: 584 daAuts
  Temple: 389 daAuts
